AoeStats
← Oldspice

African Clearing

505114683Analyzed
4v4 RM · 24d ago on Sep 7, 2026· 42m 35s· 8 players
Game mode
Random Map
Map size
Large (8 player)
Population
200
Speed
Normal
Resources
Standard
Victory
Conquest
Starting age
Dark Age
Ending age
Imperial Age
RankedLock teamsTeams togetherTeam positionsShared explorationLock speedFull tech treeHidden civsTurbo modeCheats
Victory
Defeat
1645
+11
🇵🇪 Cumans · Peru
1530
+16
🇹🇷 Mongols · Türkiye
1518
+16
🇹🇷 Vietnamese · Türkiye
1497
+17
🇺🇸 Ethiopians · United States
1583
-17
🇨🇦 Muisca · Canada
1534
-15
🇺🇸 Jurchens · United States
1522
-15
🇺🇸 Khitans · United States
1468
-13
TheHairlessBear
6:13 Loom
12:52 Feudal Age
17:42 Town Watch
29:07 Wheelbarrow
31:23 Double-Bit Axe
33:51 Domestication
38:11 Castle Age
36:21 Scale Mail Armor
36:31 Forging
Boomer
13:39 Feudal Age
11:54 Loom
14:36 Double-Bit Axe
17:21 Castle Age
17:08 Scale Mail Armor
19:36 Bow Saw
23:17 Town Watch
24:36 Horse Collar
28:59 Wheelbarrow
28:55 Forging
30:38 Squires
31:51 Chain Mail Armor
35:19 Gold Mining
37:05 Iron Casting
37:41 Hand Cart
37:59 Fletching
Oldspice
12:36 Feudal Age
11:49 Loom
13:12 Man-at-Arms
19:09 Castle Age
17:15 Double-Bit Axe
24:39 Horse Collar
27:05 Siege Engineers
29:19 Padded Archer Armor
30:24 Wheelbarrow
IVIUSTANG
12:56 Feudal Age
13:44 Loom
16:44 Castle Age
14:39 Double-Bit Axe
16:31 Scale Mail Armor
20:42 Bow Saw
25:29 Horse Collar
27:35 Fletching
30:49 Wheelbarrow
31:50 Bodkin Arrow
32:44 Padded Archer Armor
34:39 Ballistics
35:00 Leather Archer Armor
35:11 Town Watch
39:08 Hand Cart
Xander
9:59 Loom
12:34 Feudal Age
13:04 Double-Bit Axe
15:12 Forging
22:33 Fletching
29:58 Castle Age
32:11 Bloodlines
37:35 Bodkin Arrow
[CAF]_Babaanne Tokatlayan56
3:02 Loom
10:54 Feudal Age
11:28 Double-Bit Axe
18:33 Scale Barding Armor
18:38 Forging
22:43 Castle Age
21:31 Bloodlines
23:17 Fletching
24:06 Bodkin Arrow
27:51 Bow Saw
27:40 Horse Collar
29:04 Padded Archer Armor
29:07 Husbandry
29:56 Ballistics
31:15 Heavy Plow
32:32 Wheelbarrow
33:22 Leather Archer Armor
35:34 Hand Cart
35:12 Gold Mining
36:04 Thumb Ring
38:28 Gold Shaft Mining
41:04 Imperial Age
39:22 Chain Barding Armor
39:38 Iron Casting
41:17 Light Cavalry
41:24 Cavalier
42:40 Plate Barding Armor
[CAF] kaanuni
9:06 Loom
12:24 Feudal Age
12:33 Man-at-Arms
26:08 Castle Age
30:00 Double-Bit Axe
31:32 Bow Saw
32:17 Fletching
33:49 Bodkin Arrow
36:08 Horse Collar
36:50 Heavy Plow
39:16 Wheelbarrow
44:38 Imperial Age
[CAF] ShaHi
11:43 Loom
13:53 Feudal Age
15:23 Double-Bit Axe
18:13 Castle Age
20:10 Wheelbarrow
19:20 Horse Collar
20:13 Bow Saw
20:32 Heavy Plow
24:46 Hand Cart
26:18 Heavy Plow
27:34 Gold Mining
27:36 Stone Mining
32:40 Imperial Age
31:15 Chatras
32:14 Stone Shaft Mining
32:01 Scale Barding Armor
32:11 Forging
32:28 Bloodlines
32:19 Husbandry
33:25 Chain Barding Armor
32:49 Elite Battle Elephant
36:01 Iron Casting
36:03 Plate Barding Armor
38:03 Coinage
Connection lost

Rejoining the realm…

Still unreachable

The connection could not be restored.

Session expired

The server has moved on; the page needs a fresh start.